 Dungeon Crawl Stone Soup version 0.29.1-15-g9cfb28693d (webtiles) character file.

Game seed: 1085875885331485009

5 croobank the Caller (level 1, 0/14 HPs)
             Began as a Demigod Summoner on Mar 7, 2023.
             Slain by a jackal (1 damage)
             ... on level 1 of the Dungeon.
             The game lasted 00:01:19 (238 turns).

croobank the Caller (Demigod Summoner)               Turns: 238, Time: 00:01:20

Health: 0/14       AC:  2    Str:  9    XL:     1   Next: 53%
Magic:  1/5        EV: 12    Int: 17    God:
Gold:   0          SH:  0    Dex: 14    Spells: 2/3 levels left

rFire   . . .      SeeInvis .   (no weapon)
rCold   . . .      Faith    .   (no shield)
rNeg    . . .      Spirit   .   a - +0 robe
rPois   .          Reflect  .   (no helmet)
rElec   .          Harm     .   (no cloak)
rCorr   .          Rampage  .   (no gloves)
Will    .....                   (no boots)
Stlth   ++........              (no amulet)
HPRegen 0.04/turn               (no ring)
MPRegen 0.09/turn               (no ring)

@: no status effects
A: high MP 1, forlorn, divine attributes
a: no special abilities


You were on level 1 of the Dungeon.
You visited 1 branch of the dungeon, and saw 1 of its levels.

Inventory:

Armour
 a - a +0 robe (worn)
Scrolls
 c - a scroll of teleportation
Potions
 b - a potion of magic


   Skills:
 + Level 1.9 Dodging
 + Level 1.9 Stealth
 + Level 1.9 Spellcasting
 + Level 3.6 Summonings


You had 2 spell levels left.
You knew the following spells:

 Your Spells              Type           Power      Damage    Failure   Level
a - Summon Small Mammal   Summ           56%        N/A       4%          1

Your spell library contained the following spells:

 Spells                   Type           Power      Damage    Failure   Level
 Call Imp                 Summ           14%        N/A       7%          2
 Call Canine Familiar     Summ           14%        N/A       13%         3
 Summon Guardian Golem    Hex/Summ       7%         N/A       28%         3
 Ozocubu's Armour         Ice            1%         N/A       52%         3
 Summon Lightning Spire   Summ/Air       7%         N/A       67%         4
 Ozocubu's Refrigeration  Ice            0%         4d7       100%        7


Dungeon Overview and Level Annotations

Branches:
Dungeon (1/15)


Innate Abilities, Weirdness & Mutations

You have an increased reservoir of magic. (+10% MP)
You shall have no god before yourself.
Your divine heritage dramatically boosts your attributes as you level up.


Message History

Your quokka bites the quokka.
A jackal comes into view.
The quokka closely misses you.
Your rat bites the quokka but does no damage.
A kobold comes into view. It is wielding a +0 club.
A rat comes into view.
The hobgoblin attacks as you move away!
The hobgoblin hits you but does no damage.
Your quokka barely misses the quokka.
The quokka barely misses you.
Your rat completely misses the quokka.
The quokka attacks as you move away!
The quokka bites you but does no damage.
Your quokka closely misses the quokka.
The quokka misses your quokka.
Your rat closely misses the quokka.
The hobgoblin barely misses your quokka.
Your quokka misses the quokka. The quokka barely misses you.
Your quokka closely misses the quokka.
Your rat barely misses the quokka.
The hobgoblin hits your quokka.
Your quokka bites the quokka.
The quokka dies!
The jackal barely misses your quokka.
The hobgoblin barely misses your quokka.
Your quokka barely misses the hobgoblin.
The jackal closely misses your quokka.
Your rat closely misses the hobgoblin.
The hobgoblin closely misses your quokka.
Your quokka closely misses the hobgoblin.
The jackal bites your quokka but does no damage.
Your rat barely misses the hobgoblin.
The hobgoblin barely misses your rat.
Your quokka bites the hobgoblin.
Your rat closely misses the hobgoblin.
The hobgoblin hits your rat but does no damage.
Your quokka bites the hobgoblin but does no damage.
Your quokka bites the hobgoblin but does no damage.
Your rat bites the hobgoblin but does no damage.
The hobgoblin hits your rat. Something closely misses your rat.
The jackal attacks as you move away! The jackal closely misses you.
Casting: Summon Small Mammal (safe; 4% risk of failure)
Confirm with . or Enter, or press ? or * to list all spells.
The jackal completely misses you. The jackal bites you.
You die...

_.)P.######
♣♣........#
.......g..#####
P..P.[..r.....#
..............#
.#............#
######....r..#
#...r...##########
#.......hh@r......
##############.###


You could see 2 jackals, a rat and 2 friendly quokkas.

Vanquished Creatures (collateral kills)
  A ball python (D:1)
  A giant cockroach (D:1)
  A kobold (D:1)
  A quokka (D:1)
4 creatures vanquished.

Vanquished Creatures (others)
  A plant (D:1)
1 creature vanquished.

Grand Total: 5 creatures vanquished

Notes
Turn   | Place    | Note
-------+----------+-------------------------------------------
     0 | D:1      | croobank the Demigod Summoner began the quest for the Orb.
     0 | D:1      | Reached XP level 1. HP: 14/14 MP: 5/5
   238 | D:1      | Slain by a jackal

Illustrated notes

Levels and vault maps discovered:
D:1:      dpeg_arrival_water_fire, layout_basic,
          dreamdust_ecumenical_altar_grove, minmay_lizard_pond

Action                   || total
-------------------------++-------
Melee: Unarmed           ||     4
       Punch             ||     1
 Cast: Summon Small Mamm ||     9
  Use: Scroll            ||     2
Armor: Robe              ||     5
Dodge: Dodged            ||    20
